 Dungeon Crawl Stone Soup version 0.31.0-11-ge490571c62 (webtiles) character file.

Game seed: 6863140885328516947

402 KobraLily the Charlatan (level 6, -3/30 HPs)
             Began as a Vine Stalker Artificer on Feb 1, 2024.
             Slain by an ogre
             ... wielding a +0 giant spiked club
              (9 damage)
             ... on level 5 of the Dungeon.
             The game lasted 00:08:39 (1727 turns).

KobraLily the Charlatan (Vine Stalker Artificer)    Turns: 1727, Time: 00:08:40

Health: -3/30      AC:  4    Str: 15    XL:     6   Next: 85%
Magic:  0/7        EV: 12    Int: 13    God:
Gold:   138        SH:  0    Dex: 14    Spells: 5/5 levels left

rFire   . . .        g - +1 hand axe
rCold   . . .        (no shield)
rNeg    . . .        b - +1 leather armour
rPois   .            (no helmet)
rElec   .            (no cloak)
rCorr   .            (no gloves)
SInv    .            (no boots)
Will    .....        (no amulet)
Stlth   ++           (no ring)
HPRegen 1.05/turn    (no ring)
MPRegen 0.10/turn

%: guardian spirit
@: no status effects
A: fangs 2, regeneration 1, magic shield, antimagic bite, no potion heal 2
a: no special abilities


You were on level 5 of the Dungeon.
You visited 1 branch of the dungeon, and saw 5 of its levels.

You collected 138 gold pieces.

Inventory:

Hand Weapons
 g - a +1 hand axe (weapon)
Missiles
 j - 3 datura-tipped darts (quivered)
 p - 3 javelins
Armour
 b - a +1 leather armour (worn)
Jewellery
 o - a ring of fire
Talismans
 l - a maw talisman
Wands
 c - a wand of flame (3)
 d - a wand of charming (11)
 e - a wand of iceblast (7)
 k - a wand of acid (5)
Scrolls
 m - a scroll of fear
Potions
 a - a potion of brilliance {unknown}
 f - a potion of invisibility {unknown}
 h - 3 potions of magic {unknown}
 i - a potion of curing {unknown}
 n - a potion of lignification {unknown}


   Skills:
 * Level 2.1 Fighting
 * Level 1.8(1.9) Axes
 - Level 0.3(1.1) Maces & Flails
 * Level 0.3 Throwing
 * Level 2.7 Armour
 * Level 1.9 Dodging
 * Level 2.8 Stealth
 * Level 2.1 Unarmed Combat
 * Level 3.9 Evocations


You had 5 spell levels left.
You didn't know any spells.
Your spell library contained the following spells:

 Spells                   Type           Power      Damage    Failure   Level
 Tukima's Dance           Hex            0%         N/A       75%         3
 Passage of Golubria      Tloc           0%         N/A       98%         4
 Yara's Violent Unravell  Hex/Alch       0%         3d3       100%        5


Dungeon Overview and Level Annotations

Branches:
Dungeon (5/15)
 Temple: D:4-7

Altars:
Elyvilon
Hepliaklqana
Okawaru
Xom


Innate Abilities, Weirdness & Mutations

You have extremely sharp teeth.
Your natural rate of healing is unusually fast.
When hurt, damage is shared between your health and your magic reserves.
Your bite disrupts and absorbs the magic of your enemies.
Potions cannot restore your health.


Message History

You bite the white imp, but do no damage.
The white imp is heavily wounded.
The white imp falters for a moment.
The white imp closely misses you.
You hit the white imp.
The white imp is severely wounded.
The white imp falters for a moment.
Aiming: Throw Flame
Press: ? - help, Shift-Dir - straight line, f - white imp
Aim: a white imp (severely wounded, magic disrupted, 71% to hit)
The puff of flame misses the white imp.
The white imp falters for a moment.
Aiming: Throw Flame
Press: ? - help, Shift-Dir - straight line, f/p - white imp
Aim: a white imp (severely wounded, magic disrupted, 71% to hit)
The puff of flame hits the white imp.
The white imp is burned terribly!
You kill the white imp!
Magic restored.
You open the door.
Found a dagger.
There is an open door here.
You open the door.
There is an open door here.
An ogre comes into view. It is wielding a +0 giant spiked club.
The ogre shouts!
There is an open door here.
Found 12 gold pieces.
Aiming: Corrosive Bolt
Press: ? - help, Shift-Dir - straight line, f - ogre
Aim: an ogre, wielding a +0 giant spiked club (88% to hit)
The bolt of acid hits the ogre!
The acid corrodes the ogre!
The ogre is heavily wounded.
Unknown command.
You hit the ogre.
The ogre is severely wounded.
The ogre hits you with a +0 giant spiked club!!
Ouch! That really hurt!
* * * LOW HITPOINT WARNING * * *
You slash the ogre!
The ogre is almost dead.
The ogre hits you with a +0 giant spiked club!
You die...

#..###....# #.....
####......# #.....
#..'......# #.....
#..#......+ ....
#..#......# ...
#..#....).#
.#####'##..#......#
........#..#......#
......O@'..#......#
........####......#
.........
$#######.. ... ....
..... ######


You could see an ogre (corroded).

Vanquished Creatures
  Pargi (D:3)
  An orc priest (D:3)
  4 hounds
  An orc wizard (D:4)
  2 adders
  A white imp (D:5)
  A ribbon worm (D:4)
  7 orcs
  5 endoplasms
  2 giant cockroaches
  4 goblins
  4 hobgoblins
  6 kobolds
  2 quokkas
  3 ball pythons
  2 frilled lizards
  A rat (D:3)
47 creatures vanquished.

Vanquished Creatures (collateral kills)
  An orc priest (D:3)
  An orc wizard (D:3)
  6 orcs (D:3)
8 creatures vanquished.

Grand Total: 55 creatures vanquished

Notes
Turn   | Place    | Note
-------+----------+-------------------------------------------
     0 | D:1      | KobraLily the Vine Stalker Artificer began the quest for
                  | the Orb.
     0 | D:1      | Reached XP level 1. HP: 9/9 MP: 2/2
   148 | D:1      | Reached skill level 1 in Fighting
   148 | D:1      | Reached XP level 2. HP: 12/14 MP: 3/3
   233 | D:2      | Reached skill level 3 in Evocations
   377 | D:2      | Reached skill level 1 in Dodging
   396 | D:2      | Reached XP level 3. HP: 17/18 MP: 4/4
   523 | D:3      | Noticed Pargi
   538 | D:3      | Reached skill level 1 in Unarmed Combat
   545 | D:3      | Reached XP level 4. HP: 22/22 MP: 5/5
   559 | D:3      | Killed Pargi
   560 | D:3      | Reached skill level 1 in Axes
   560 | D:3      | Reached XP level 5. HP: 19/25 MP: 6/6
   656 | D:3      | Found a shimmering altar of Xom.
   673 | D:3      | Reached XP level 6. HP: 16/30 MP: 3/7
  1146 | D:4      | Found an iron altar of Okawaru.
  1410 | D:4      | Found a hazy altar of Hepliaklqana.
  1497 | D:4      | Found a white marble altar of Elyvilon.
  1618 | D:5      | Entered Level 5 of the Dungeon
  1727 | D:5      | Slain by an ogre

Illustrated notes

Levels and vault maps discovered:
D:1:      zaba_arrival_water, layout_loops_ring, serial_bayou_pond_c
D:2:      layout_loops_ring, eino_curves_02
D:3:      layout_rooms, amcnicky_altar_gilded, xom_butterflies,
          kennysheep_generic_room_3, uniq_pargi
D:4:      layout_gridville, worldfamousw_hep_ancestral_shrine,
          lemuel_tele_altar, nicolae_elyvilon_peaceful_grove, item_on_display_a
D:5:      layout_gridville, nicolae_gozag_zags_fifth_avenue

Skill      XL: |  1  2  3  4  5  6 |
---------------+-------------------+-----
Fighting       | 1 2 |  2.1
Evocations     | 3 |  3.9
Dodging        | 1 |  1.9
Unarmed Combat | 1 2 |  2.1
Armour         | 2 |  2.7
Axes           | 1 |  1.8
Stealth        | 2 |  2.8
Maces & Flails | |  0.3
Throwing       | |  0.3

Action                     |  1- 3 |  4- 6 || total
---------------------------+-------+-------++-------
  Melee: Club              |    24 |       ||    24
         Bite              |    11 |    31 ||    42
         Hand axe          |    34 |   104 ||   138
         Punch             |     1 |     1 ||     2
  Evoke: Wand              |     4 |    15 ||    19
    Use: Scroll            |     4 |     5 ||     9
         Potion            |       |     1 ||     1
   Stab: Sleeping          |       |     2 ||     2
 Armour: Leather armour    |    42 |    80 ||   122
  Dodge: Dodged            |    39 |    74 ||   113
